Map: Terrasses de Prion

Players

zidar

  • Race: Zerg Zerg
  • League: Silver
  • Spawn Location: 11:00

NeLoY - Winner!

  • Race: Zerg Zerg
  • League: Silver
  • Spawn Location: 5:00

VOD

Have the link to the VOD?

Description

Time

  • Played on: Jan. 3, 2016, 11:36 a.m.
  • Length: 3:11
Show
View Real Time Build Order
Export as new Build Order

zidar Zerg 

Build Orders: Pool First 

Get SALT Encoding   

  12  0:01  Drone  
  13  0:12  Overlord  
  13  0:17  Drone  
  14  0:30  Drone x2  
  14  0:34  Drone  
  17  0:46  Spawning Pool  
  17  0:49  Drone  
  17  1:11  Hatchery  
  17  1:14  Drone  
  17  1:19  Extractor, Drone  
  17  1:26  Drone  
  18  1:34  Queen  
  20  1:43  Overlord  
  20  1:50  Zergling x2  
  21  1:57  Zergling x2  
  22  2:03  Zergling x2  
  23  2:09  Queen  
  25  2:21  Zergling x2  
  24  2:35  Spine Crawler x2  
  21  3:10  Roach Warren  
Show
View Real Time Build Order
Export as new Build Order

NeLoY Zerg - Winner!

Build Orders: Pool Only 

Get SALT Encoding   

  12  0:05  Drone  
  13  0:12  Overlord  
  13  0:32  Spawning Pool  
  12  1:19  Zergling x6  
  15  2:12  Spine Crawler  
  15  2:13  Spine Crawler  
  13  2:16  Spine Crawler  
  9  2:47  Zergling x6  
Tags
 
Add a new tag
Caveats
  • Supply blocks, unpowered buildings, or Contaminate may cause inaccurate times.
  • Supply counts are checked every 10 seconds.